 Dungeon Crawl Stone Soup version 0.30-a0-457-g4b7bca3bfa (webtiles) character file.

Game seed: 14372276849336417481

8878 Monkooky the Grand Scion (level 11, -5/45 HPs)
             Began as a Vine Stalker Reaver on Dec 14, 2022.
             Was a High Priest of Hepliaklqana.
             Slain by an orc warrior
             ... wielding a +0 halberd
              (15 damage)
             ... in a bailey.
             The game lasted 00:30:07 (9346 turns).

Monkooky the Grand Scion (Vine Stalker Reaver)      Turns: 9346, Time: 00:30:08

Health: -5/45      AC:  9    Str: 16    XL:     11   Next: 37%
Magic:  0/21       EV: 11    Int: 21    God:    Hepliaklqana [*****.]
Gold:   425        SH:  0    Dex: 12    Spells: 6/22 levels left

rFire   + + .      SeeInvis .    y - +5 whip (flame)
rCold   x . .      Faith    +    (no shield)
rNeg    . . .      Spirit   +    M - +1 leather armour of Unambiguity {+Inv rF+ rC- Int+4}
rPois   +          Reflect  .    o - +2 hat
rElec   .          Harm     .    n - scarf {repulsion}
rCorr   .          Rampage  .    (no gloves)
Will    ++...                    p - +2 pair of boots
Stlth   +.........               r - amulet of faith
HPRegen 1.07/turn                A - ring of protection from fire
MPRegen 0.17/turn                j - ring "Qecveynt" {rPois Will+ Slay+5}

@: very slightly contaminated, repel missiles
A: reduced essence, fangs 3, regeneration 1, magic shield, antimagic bite, no
potion heal 2
a: Renounce Religion, Evoke Invisibility, Recall Ancestor, Ancestor Identity,
Transference, Idealise


You were in a bailey.
You worshipped Hepliaklqana.
Hepliaklqana was extremely pleased with you.
You visited 1 branch of the dungeon, and saw 10 of its levels.
You also visited: Ossuary and Bailey.

You collected 593 gold pieces.
You spent 168 gold pieces at shops.

Inventory:

Hand Weapons
 a - a +0 mace
 l - the +2 hand axe of Iroskat {vamp, rN+}
   (You found it on level 2 of the Dungeon)

   It occasionally heals its wielder for a portion of the damage dealt when it
   wounds a living foe.
   rN:        It protects you from negative energy.
 y - a +5 whip of flaming (weapon)
 Q - a +5 morningstar of holy wrath
Missiles
 K - 18 silver boomerangs
 O - 5 curare-tipped darts
Armour
 b - a +0 leather armour
 f - a +0 ring mail
 n - a scarf of repulsion (worn)
 o - a +2 hat (worn)
 p - a +2 pair of boots (worn)
 D - a +1 ring mail of fire resistance
 M - the +1 leather armour of Unambiguity (worn) {+Inv rF+ rC- Int+4}
   (You bought it in a shop on level 9 of the Dungeon)

   Int:       It affects your intelligence (+4).
   rF:        It protects you from fire.
   rC:        It makes you vulnerable to cold.
   +Inv:      It lets you turn invisible.
Jewellery
 j - the ring "Qecveynt" (right hand) {rPois Will+ Slay+5}
   (You found it on level 7 of the Dungeon)

   [ring of poison resistance]

   Slay:      It affects your accuracy & damage with ranged weapons and melee
   (+5).
   rPois:     It protects you from poison.
   Will:      It increases your willpower.
 r - an amulet of faith (around neck)
 t - a ring of protection from fire
 A - a ring of protection from fire (left hand)
 H - a ring of see invisible
Wands
 z - a wand of iceblast (19)
 C - a wand of flame (16)
Scrolls
 g - 2 scrolls of fog
 h - 3 scrolls of summoning
 i - 3 scrolls of blinking
 u - 2 scrolls of poison
 v - 2 scrolls of fear
 w - 5 scrolls of vulnerability {unknown}
 B - 2 scrolls of magic mapping
 I - 2 scrolls of teleportation
 J - a scroll of amnesia
 L - a scroll of enchant armour {unknown}
 N - a scroll of silence {unknown}
Potions
 c - 2 potions of brilliance {unknown}
 d - a potion of cancellation
 e - 3 potions of curing
 k - a potion of resistance
 m - 3 potions of mutation
 q - a potion of heal wounds
 s - 7 potions of lignification {unknown}
 x - a potion of degeneration {unknown}
 E - 2 potions of might {unknown}
 F - 2 potions of attraction {unknown}
 G - a potion of invisibility {unknown}
 S - a potion of berserk rage {unknown}
Miscellaneous
 P - a condenser vane


   Skills:
 - Level 1.7 Fighting
 - Level 4.9 Maces & Flails
 - Level 1.5 Dodging
 + Level 5.7 Unarmed Combat
 - Level 6.4 Spellcasting
 - Level 7.0 Conjurations
 - Level 3.1 Translocations
 - Level 7.0 Transmutations
 - Level 6.6 Ice Magic
 - Level 8.1 Invocations


You had 6 spell levels left.
You knew the following spells:

 Your Spells              Type           Power      Damage    Failure   Level
a - Kiss of Death         Conj/Necr      84%        2d11      2%          1
b - Momentum Strike       Conj/Tloc      56%        3d9       2%          2
c - Hailstorm             Conj/Ice       35%        3d9       2%          3
d - Ozocubu's Armour      Ice            34%        N/A       2%          3
e - Blink                 Tloc           38%        N/A       4%          2
f - Blade Hands           Tmut           18%        N/A       19%         5

Your spell library contained the following spells:

 Spells                   Type           Power      Damage    Failure   Level
 Apportation              Tloc           38%        N/A       3%          1
 Lesser Beckoning         Tloc           38%        N/A       10%         3
 Necrotise                Necr           24%        1d5       12%         1
 Summon Small Mammal      Summ           24%        N/A       12%         1
 Scorch                   Fire           12%        2d5       17%         2
 Portal Projectile        Hex/Tloc       26%        N/A       19%         3
 Flame Wave               Conj/Fire      21%        2d8       26%         4
 Tukima's Dance           Hex            6%         N/A       34%         3
 Olgreb's Toxic Radiance  Pois           6%         N/A       75%         4
 Summon Cactus Giant      Summ           3%         N/A       100%        6
 Ozocubu's Refrigeration  Ice            17%        4d11      100%        7
 Ignition                 Fire           3%         3d4       100%        8


Dungeon Overview and Level Annotations

Branches:
Dungeon (10/15)            Temple (0/1) D:4         Ossuary (visited)
 Bailey (1/1)
   Lair: D:8-11         Orc: D:9-12

Altars:
Dithmenos
Hepliaklqana
Makhleb
Okawaru
Qazlal
Uskayaw
Wu Jian
The Shining One
Lugonu

Shops:
D:7 =   D:9 [[*(

Portals:
Abyss: D:9

Annotations:
D:9 2 runed translucent doors


Innate Abilities, Weirdness & Mutations

Your life essence is reduced to manifest your ancestor. (-10% HP)
You have razor-sharp teeth.
Your natural rate of healing is unusually fast.
When hurt, damage is shared between your health and your magic reserves.
Your bite disrupts and absorbs the magic of your enemies.
Potions cannot restore your health.


Message History

Demetirus closely misses the orc warrior.
Demetirus blocks the orc warrior's attack.
Demetirus hits the orc warrior with a +0 flail!
An orc warrior comes into view. It is wielding a +0 glaive.
The orc warrior hits Demetirus but does no damage.
Demetirus misses the orc warrior.
The orc warrior hits Demetirus with a +0 halberd!
Demetirus hits the orc warrior with a +0 flail!
The orc warrior dies!
Demetirus barely misses the orc warrior.
The orc warrior closely misses you.
The orc warrior hits you with a +0 halberd!
Demetirus hits the orc warrior with a +0 flail!
You closely miss the orc warrior.
The orc warrior is moderately wounded.
The orc warrior hits you but does no damage.
The orc warrior hits you with a +0 halberd!
You completely miss the orc warrior.
The orc warrior is moderately wounded.
Demetirus hits the orc warrior with a +0 flail!
Unknown command.
You closely miss the orc warrior.
The orc warrior is heavily wounded.
The orc warrior hits you with a +0 glaive.
The orc warrior hits you with a +0 halberd!
Demetirus hits the orc warrior with a +0 flail.
You strike the helpless orc warrior from behind!
You whack the orc warrior! You burn the orc warrior.
You kill the orc warrior!
The orc warrior hits you with a +0 halberd!
Casting: Hailstorm (dangerous; 2% risk of failure)
Confirm with . or Enter, or press ? or * to list all spells.
You miscast Ozocubu's Armour.
You are very lightly contaminated with residual magic.
Nothing appears to happen.
The orc warrior hits you with a +0 halberd!
* * * LOW HITPOINT WARNING * * *
Okay, then.
The orc warrior hits you from afar with a +0 halberd!
You die...

..... #...# #.R.# #...#
#...# #########'''#####
##......).........
##...oR....).......
##......@⌠#######⌠..
#≈....#####).)).#####
#≈...##....≈≈≈≈≈....##
#≈...#.⌠.≈≈≈...≈≈≈.⌠.#
#≈...#..≈≈..≈.≈..≈≈..#
#≈..⌠#.≈≈.≈≈≈)≈≈≈.≈≈.#
#≈..##.≈.≈≈.....≈≈.≈.##
#≈..#.≈≈.≈.≈≈≈≈≈.≈.≈≈.#
#≈..#.≈.≈≈)≈...≈.≈≈.≈.#


You could see the friendly Demetirus the knight and an orc warrior (ally
target).

Vanquished Creatures
  A two-headed ogre (D:9)
  A manticore (D:9)
  A cyclops (D:9)
  A tengu conjurer (D:9)
  A troll (D:9)
  A hornet (D:10)
  A wyvern (D:9)
  6 yaks
  3 steam dragons
  5 orc warriors
  A sky beast (D:8)
  A centaur (Bailey)
  2 lemures (D:5)
  A phantom (D:6)
  2 kobold brigands (D:8)
  2 elf zombies (Ossuary)
  2 necrophages
  3 bullfrogs
  5 wights (D:9)
  5 killer bees (D:9)
  3 howler monkeys
  A hound (D:5)
  2 centaur zombies (Ossuary)
  A human zombie (Ossuary)
  A jelly (D:5)
  2 gnoll boudas (D:8)
  4 orc wizards
  9 gnolls
  5 adders
  A white imp (D:7)
  2 ufetubi
  3 adder zombies (Ossuary)
  A worm (D:2)
  20 orcs
  2 ball pythons (D:1)
  2 bats (D:1)
  2 endoplasms (D:4)
  5 goblins
  A hobgoblin (D:1)
  3 quokkas
  3 frilled lizards
  A goblin zombie (Ossuary)
  4 hobgoblin zombies (Ossuary)
  2 jackal zombies (Ossuary)
  11 kobolds
  3 kobold zombies (Ossuary)
  2 orc zombies (Ossuary)
  3 rats
144 creatures vanquished.

Vanquished Creatures (collateral kills)
  Pikel (D:5)
  A troll (D:9)
  A hornet (D:8)
  6 yaks
  3 wyverns
  2 water moccasins
  4 orc warriors
  3 ice beasts
  A centaur (D:9)
  2 lemures (D:5)
  2 kobold brigands
  A necrophage (D:5)
  A gnoll sergeant (D:9)
  4 wights (D:9)
  A killer bee (D:9)
  3 howler monkeys
  4 hounds
  2 iguanas (D:4)
  5 orc wizards
  2 mummies (Ossuary)
  2 gnolls (D:8)
  An adder (D:6)
  8 orcs
  A bat (D:3)
  A giant cockroach (D:3)
  4 jackals (D:4)
  2 kobolds
  A quokka (D:4)
  A frilled lizard (D:1)
  6 hobgoblin zombies (Ossuary)
  A jackal zombie (Ossuary)
  4 kobold zombies (Ossuary)
  6 orc zombies (Ossuary)
87 creatures vanquished.

Vanquished Creatures (others)
  A vampire (D:9)
  A black bear (D:5)
  A phantom (D:5)
  A kobold brigand (D:8)
  A wight (D:9)
  An orc wizard (D:9)
  2 knights
  2 ball pythons (D:3)
  4 endoplasms
  2 giant cockroaches (D:3)
  A hobgoblin (D:3)
  2 quokkas (D:3)
  A frilled lizard (D:3)
  3 kobolds
  2 rats (D:3)
  7 fungi (D:10)
  6 plants (D:10)
38 creatures vanquished.

Grand Total: 269 creatures vanquished

Notes
Turn   | Place    | Note
-------+----------+-------------------------------------------
     0 | D:1      | Monkooky the Vine Stalker Reaver began the quest for the
                  | Orb.
     0 | D:1      | Reached XP level 1. HP: 11/11 MP: 4/4
    81 | D:1      | Found a faded altar of an unknown god.
   131 | D:1      | Prayed at the altar of an unknown god.
   131 | D:1      | Became a worshipper of Hepliaklqana the Forgotten
   131 | D:1      | Reached * piety under Hepliaklqana
   211 | D:1      | Reached XP level 2. HP: 11/13 MP: 4/6
   263 | D:1      | Learned a level 2 spell: Momentum Strike
   922 | D:2      | Reached ** piety under Hepliaklqana
   923 | D:2      | Remembered your ancestor Demetirus as a knight
   929 | D:2      | Reached skill level 1 in Translocations
  1160 | D:2      | Found a glowing golden altar of the Shining One.
  1197 | D:2      | Identified the +2 hand axe of Iroskat {vamp, rN+}
  1452 | D:3      | Reached XP level 3. HP: 16/16 MP: 7/7
  1502 | D:3      | Found a burning altar of Makhleb.
  1538 | D:3      | Found an ornate altar of the Wu Jian Council.
  1546 | D:3      | Found a hazy altar of Hepliaklqana.
  1546 | D:3      | Found a stormy altar of Qazlal.
  2532 | D:4      | Gained mutation: Your natural rate of healing is unusually
                  | fast. [Vine Stalker growth]
  2532 | D:4      | Reached XP level 4. HP: 18/20 MP: 3/8
  2644 | D:4      | Found a staircase to the Ecumenical Temple.
  2703 | D:4      | Found a sand-covered staircase.
  2718 | Ossuary  | Entered an ossuary
  2742 | Ossuary  | Learned a level 3 spell: Hailstorm
  2769 | Ossuary  | Reached *** piety under Hepliaklqana
  2858 | Ossuary  | Reached skill level 1 in Ice Magic
  2858 | Ossuary  | Reached XP level 5. HP: 21/23 MP: 7/9
  2900 | Ossuary  | Reached XP level 6. HP: 27/27 MP: 10/10
  3160 | D:4      | Noticed a steam dragon
  3164 | D:4      | Killed a steam dragon
  3165 | D:4      | Reached skill level 5 in Ice Magic
  3165 | D:4      | Reached XP level 7. HP: 21/30 MP: 2/11
  3735 | D:5      | Entered Level 5 of the Dungeon
  3900 | D:5      | Noticed Pikel
  3911 | D:5      | Killed Pikel
  3912 | D:5      | Gained mutation: You have razor-sharp teeth. [Vine Stalker
                  | growth]
  3912 | D:5      | Reached XP level 8. HP: 34/34 MP: 12/12
  4198 | D:5      | Learned a level 3 spell: Ozocubu's Armour
  4839 | D:6      | Reached skill level 1 in Transmutations
  4839 | D:6      | Reached XP level 9. HP: 35/37 MP: 13/13
  4890 | D:6      | Reached **** piety under Hepliaklqana
  4970 | D:6      | Reached skill level 1 in Invocations
  5024 | D:6      | Reached skill level 2 in Invocations
  5218 | D:7      | Found a shadowy altar of Dithmenos.
  5234 | D:7      | Identified the ring "Qecveynt" {rPois Will+ Slay+5}
  5399 | D:7      | Found Zikhlem's Jewellery Shop.
  5407 | D:7      | Reached skill level 3 in Invocations
  5928 | D:8      | Reached ***** piety under Hepliaklqana
  5962 | D:8      | Reached skill level 4 in Invocations
  6155 | D:8      | Reached skill level 5 in Invocations
  6230 | D:8      | Reached skill level 6 in Invocations
  6283 | D:8      | Reached skill level 7 in Invocations
  6288 | D:8      | Reached XP level 10. HP: 41/41 MP: 11/16
  6290 | D:8      | Reached skill level 8 in Invocations
  6293 | D:8      | Learned a level 2 spell: Blink
  6775 | D:8      | Found a hide-covered altar of Uskayaw.
  6965 | D:8      | Found an iron altar of Okawaru.
  7085 | D:9      | Noticed a two-headed ogre
  7090 | D:9      | Killed a two-headed ogre
  7091 | D:9      | Reached skill level 5 in Spellcasting
  7179 | D:9      | Found Unuan's Antique Armour Shop.
  7179 | D:9      | Found Zinynox's General Store.
  7182 | D:9      | Found Vyfacong's Armour Shop.
  7186 | D:9      | Found Qeafefock's Antique Weapon Shop.
  7197 | D:9      | Bought a brightly glowing leather armour for 168 gold
                  | pieces
  7197 | D:9      | Identified the +1 leather armour of Unambiguity {+Inv rF+
                  | rC- Int+4} (You bought it in a shop on level 9 of the
                  | Dungeon)
  7628 | D:9      | Noticed a manticore
  7637 | D:9      | Killed a manticore
  7638 | D:9      | Reached skill level 5 in Transmutations
  7866 | D:9      | Found a large runed translucent door.
  7867 | D:9      | Found a large runed translucent door.
  7869 | D:9      | Noticed a cyclops
  7870 | D:9      | Found a corrupted altar of Lugonu.
  7870 | D:9      | Noticed a white ugly thing
  7874 | D:9      | Killed a cyclops
  7875 | D:9      | Reached XP level 11. HP: 45/45 MP: 9/21
  7879 | D:9      | Identified the +6 dagger of the Wary Seas {distort, Str+6
                  | Int+4}
  7879 | D:9      | Identified the +2 robe "Abinosyf" {Harm rF+ Regen+ Dex-2}
  8090 | D:9      | Learned a level 5 spell: Blade Hands
  8111 | D:9      | Reached skill level 1 in Unarmed Combat
  8302 | D:9      | Found a one-way gate to the infinite horrors of the Abyss.
  8867 | D:10     | Entered Level 10 of the Dungeon
  8889 | D:10     | Reached skill level 5 in Unarmed Combat
  8977 | D:10     | Found a flagged portal.
  8991 | Bailey   | Entered a bailey
  9346 | Bailey   | Slain by an orc warrior

Illustrated notes

Levels and vault maps discovered:
D:1:      wheals_arrival_linesprint, layout_basic, basic_ecumenical_altar
D:2:      layout_loops_cross, basic_altar
D:3:      layout_basic, lemuel_round_altar, gammafunk_temple_overflow_forgotten,
          minmay_cut_off
D:4:      layout_basic, minmay_temple_entry_glass, enter_ossuary_2
D:5:      nicolae_BIG_FREAKIN_CUBE, layout_basic, minmay_fractal_squares_5,
          uniq_pikel
D:6:      layout_rooms
D:7:      layout_loops_ring, grunt_dithmenos_smoke, serial_shops, shop_fountains
D:8:      layout_cave_pools, nicolae_uskayaw_dance_studio,
          nicolae_overflow_hidden_temple, minmay_unpleasant_kobolds
D:9:      due_chaos_kobolds, layout_loops_ring, minmay_shop_grid_forest,
          minmay_pinched_square
D:10:     layout_basic, grunt_lair_entry_orc_guard_hut, ebering_ghost_xom,
          enter_bailey_8, nicolae_lava_and_water, uniq_maurice, uniq_harold
Bailey:   bailey_polearm_flooded_kennysheep, bailey

Skill      XL: |  1  2  3  4  5  6  7  8  9 10 11 |
---------------+----------------------------------+-----
Translocations | 1 2 3 |  3.1
Ice Magic      | 1 3 5 6 |  6.6
Conjurations   | 7 |  7.0
Maces & Flails | 4 |  4.9
Transmutations | 1 2 7 |  7.0
Invocations    | 7 8 |  8.1
Spellcasting   | 6 |  6.4
Unarmed Combat | 5 |  5.7
Fighting       | |  1.7
Dodging        | |  1.5

Action                   |  1- 3 |  4- 6 |  7- 9 | 10-12 || total
-------------------------+-------+-------+-------+-------++-------
Melee: Mace              |    36 |       |       |       ||    36
       Bite              |    14 |    31 |    61 |    23 ||   129
       Hand axe          |    10 |    95 |    44 |       ||   149
       Punch             |     1 |     4 |     2 |     1 ||     8
       Whip              |       |       |   138 |    55 ||   193
       Unarmed           |       |       |       |     6 ||     6
 Cast: Momentum Strike   |    19 |     9 |     6 |    27 ||    61
       Hailstorm         |       |     2 |    10 |    43 ||    55
       Ozocubu's Armour  |       |       |     2 |     2 ||     4
       Blade Hands       |       |       |       |     2 ||     2
Invok: Ancestor Life: Kn |     1 |       |       |       ||     1
       Recall Ancestor   |       |       |     1 |     3 ||     4
       Idealise          |       |       |     1 |     1 ||     2
Evoke: Wand              |       |       |       |     1 ||     1
  Use: Scroll            |       |     9 |    10 |     1 ||    20
 Stab: Distracted        |       |       |     2 |     2 ||     4
Armor: Leather armour    |    13 |       |       |    29 ||    42
       Ring mail         |     7 |    61 |    82 |     4 ||   154
Dodge: Dodged            |    31 |    67 |    86 |    39 ||   223
       Repelled          |       |       |       |     1 ||     1

Table legend: (Time is in decaauts)
 A = Elapsed time spent in this place.
 B = Non-inter-level travel time spent in this place.
 C = Inter-level travel time spent in this place.
 D = Time resting spent in this place.
 E = Time spent auto-exploring this place.
 F = Levels seen in this place.
 G = Mean time per level.
                   A        B        C        D        E       F      G
               +--------+--------+--------+--------+--------+-----+--------+
         Total |   9359 |   8956 |    403 |    626 |   6673 |  12 |  779.9 |
       Dungeon |   8677 |   8274 |    403 |    626 |   6305 |  10 |  867.7 |
       Ossuary |    329 |    329 |      0 |      0 |    118 |   1 |  329.0 |
        Bailey |    353 |    353 |      0 |      0 |    250 |   1 |  353.0 |
               +--------+--------+--------+--------+--------+-----+--------+

Top non-repeatable levels by time:
     D:9: 1855 daAuts
     D:3: 1060 daAuts
     D:5: 995 daAuts
     D:4: 950 daAuts
     D:8: 902 daAuts
     D:7: 888 daAuts
     D:1: 865 daAuts
     D:2: 593 daAuts
     D:6: 442 daAuts
  Bailey: 353 daAuts
 Ossuary: 329 daAuts
    D:10: 123 daAuts
